 Dungeon Crawl Stone Soup version 0.19-a0-1882-gbb73ea0 (webtiles) character file.

18 Amnesiac the Ogre Mage (level 2, 0/28 HPs)
             Began as an Ogre Wizard on Oct 14, 2016.
             Succumbed to a worker ant's poison
             ... on level 3 of the Dungeon.
             The game lasted 00:03:15 (566 turns).

Amnesiac the Ogre Mage (Ogre Wizard)                 Turns: 566, Time: 00:03:16

Health: 0/28       AC:  3    Str: 11    XL:     2   Next: 66%
Magic:  6/6        EV: 10    Int: 17    God:
Gold:   19         SH:  0    Dex:  8    Spells: 1 memorised, 7 levels left

rFire  . . .     SeeInvis .     j - +1 short sword
rCold  . . .     Gourm    .     a - +0 robe
rNeg   . . .     Faith    .     (no shield)
rPois  .         Spirit   .     b - +0 hat
rElec  .         Dismiss  .     (no cloak)
rCorr  .         Reflect  .     (gloves unavailable)
MR     .....     Harm     .     (boots unavailable)
Stlth  +......... Rnd*Tele +    (no amulet)
                                (no ring)
                                g - ring of teleportation (curse)

@: lethally poisoned (0 -> -15)
A: unfitting armour, tough skin 1
a: no special abilities


You were on level 3 of the Dungeon.
You were not hungry.

You visited 1 branch of the dungeon, and saw 4 of its levels.

You collected 19 gold pieces.

Inventory:

Hand Weapons
 j - a +1 short sword (weapon)
Armour
 a - a +0 robe (worn)
 b - a +0 hat (worn)
Jewellery
 g - a cursed ring of teleportation (left hand)
Scrolls
 e - 2 scrolls of identify
 i - a scroll of immolation
Potions
 l - a potion of cancellation
Books
 c - a book of Minor Magic

   Spells                             Type                      Level
   a - Magic Dart                     Conjuration                  1
   b - Blink                          Translocation                2
   c - Call Imp                       Summoning                    2
   d - Repel Missiles                 Charms/Air                   2
   e - Slow                           Hexes                        2
   f - Conjure Flame                  Conjuration/Fire             3
   g - Mephitic Cloud                 Conjuration/Poison/Air       3
Comestibles
 d - a bread ration
 f - a meat ration
 k - 4 chunks of flesh


   Skills:
 + Level 2.0 Fighting
 + Level 2.3 Dodging
 - Level 1.4 Stealth
 - Level 3.6 Spellcasting
 - Level 0.6 Conjurations
   Level 0.6 Summonings
   Level 0.6 Translocations


You had 7 spell levels left.
You knew the following spells:

 Your Spells              Type           Power        Failure   Level  Hunger
f - Magic Dart            Conj           #...         14%         1    None


Dungeon Overview and Level Annotations

Branches:
Dungeon (4/15)
 Temple: D:4-7

Altars:


Innate Abilities, Weirdness & Mutations

You are too large for most types of armour.
You have tough skin. (AC +1)


Message History

You feel sick. The worker ant bites you.
You are more poisoned.
The worker ant poisons you!
Put on which piece of jewellery? (? for menu, Esc to quit)
Really put on
g - a cursed ring of teleportation?
You feel slightly jumpy.
Oops, that ring feels deathly cold.
g - a cursed ring of teleportation (left hand)
The worker ant bites you.
Okay, then.
You feel sick.
You feel sick.
You feel sick. The worker ant bites you.
* * * LOW HITPOINT WARNING * * *
You are more poisoned.
The worker ant poisons you!
* * * LOW HITPOINT WARNING * * *
You feel sick.
* * * LOW HITPOINT WARNING * * *
You feel sick.
You die...

######### .[......# #####
........################### #....
..........hr.ha.@.........###.###
........#################..##.#<#
#.####### ##....#รท# ..# #..#.#.#
### ##.###.# #...#.. ........
..#..### ..#..# #


You could see a worker ant, 2 jackals and a rat.

Vanquished Creatures
  A dart slug (D:2)
  An orc (D:3)
  A bat (D:2)
  A goblin (D:3)
  6 jackals
  A kobold (D:1)
  A rat (D:1)
12 creatures vanquished.

Notes
Turn   | Place    | Note
-------+----------+-------------------------------------------
     0 | D:1      | Amnesiac the Ogre Wizard began the quest for the Orb.
     0 | D:1      | Reached XP level 1. HP: 16/16 MP: 5/5
    88 | D:1      | Reached skill level 1 in Fighting
   213 | D:3      | Reached XP level 2. HP: 27/27 MP: 2/6
   430 | D:4      | Noticed an ogre
   565 | D:3      | HP: 1/28 [poisoned by a worker ant]
   566 | D:3      | Succumbed to a worker ant's poison

Vault maps used:
D:1:      minmay_arrival_loop
D:2:      tgw_xom, uniq_iyjb
D:3:      uniq_grinder
D:4:      minmay_misc_feat_secret_circle, dk_rats_in_the_wall

Skill      XL: |  1  2 |
---------------+-------+-----
Fighting       | 1 2 |  2.0
Dodging        | 2 |  2.3
Stealth        | |  1.4
Spellcasting   | |  3.6
Conjurations   | |  0.6
Summonings     | |  0.6
Translocations | |  0.6

Action                   || total
-------------------------++-------
Melee: Short sword       ||    28
       Unarmed           ||     1
 Cast: Magic Dart        ||    30
  Use: Scroll            ||     4
Armor: Robe              ||    17
Dodge: Dodged            ||    39
